Flames vs Blackhawks

Created - March 4, 2024 at 19:29

Goals
1 2 3 T
Flames 0 0 1 1
Blackhawks 2 0 2 4
Shots
1 2 3 T
Flames 8 10 17 35
Blackhawks 11 7 13 31

1st period

1. Blackhawks , Jakob Silfverberg 16 (PK Subban 15, Erik Haula 28) at 17:41
2. Blackhawks , Jakob Silfverberg 17 (Antoine Roussel 21, Johnny Gaudreau 46) at 19:29 (PP)

Penalties :
Erik Haula (Chi) for Tripping (Minor) at 9:36, Christian Folin (Cal) for Roughing (Minor) at 18:54

2nd period

No Goal

Penalties :
Eric Staal (Cal) for Holding (Minor) at 0:09, Jakob Silfverberg (Chi) for Holding (Minor) at 8:10, Stefan Matteau (Chi) for Interference (Minor) at 10:48, Jimmy Hayes (Cal) for Tripping (Minor) at 17:40

3rd period

3. Blackhawks , Antoine Roussel 17 (Jordan Staal 38) at 7:51
4. Blackhawks , Jordan Staal 20 (Mike Amadio 9, Antoine Roussel 22) at 9:33
5. Flames , Tanner Pearson 21 (Jimmy Hayes 33, Patrik Berglund 22) at 11:16

Penalties :
Eric Staal (Cal) for Cross-checking (Minor) at 0:03, Christian Folin (Cal) for Tripping (Minor) at 2:57, Petter Granberg (Chi) for Roughing (Minor) at 16:04, Jakob Silfverberg (Chi) for Hooking (Minor) at 19:33

Goalie Stats

Christopher Gibson (Cal), 27 saves from 31 shots - (0.871), L, 23-14-1, 60:00 minutes
Joe Cannata (Chi), 34 saves from 35 shots - (0.971), W, 2-5-0, 60:00 minutes

Players Stats for Flames

Player Name              G  A  P  +/- PIM S  H  SB GA TA FO     MP     PP MP  PK MP  
------------------------------------------------------------------------------------
Anders Lee               0  0  0   0  0   0  0  0  0  0  3/7    12:02   0:28   2:25 
Brad Marchand            0  0  0   0  0   2  2  1  0  0  1/2    19:50   0:02   4:47 
Bryan Rust               0  0  0   0  0   4  2  0  0  1  0/1    17:34   0:02   2:34 
Christian Folin          0  0  0  -1  4   1  1  0  1  0  0/0    21:46   2:49   2:26 
Colby Robak              0  0  0   0  0   2  0  0  1  1  0/0    13:32   0:00   3:16 
Colin Wilson             0  0  0   0  0   1  1  0  0  0  3/3     8:47   0:00   0:01 
David Savard             0  0  0   0  0   2  1  0  0  0  0/0    11:06   0:00   0:50 
David Ullstrom           0  0  0   0  0   4  0  0  1  0  0/1     9:47   0:00   1:28 
Eric Staal               0  0  0   0  4   2  1  0  0  2  6/22   19:20   4:00   1:00 
Erik Johnson             0  0  0  -1  0   1  1  2  1  2  0/0    27:29   5:33   5:15 
Esa Lindell              0  0  0  -1  0   0  1  0  0  0  0/0    18:59   2:49   0:00 
Jake DeBrusk             0  0  0   0  0   1  2  0  0  0  0/1    12:24   3:54   0:00 
Jimmy Hayes              0  1  1  -2  2   4  3  1  0  0  1/2    15:22   4:26   0:00 
Kevin Labanc             0  0  0   0  0   2  0  0  0  0  0/0    12:24   3:54   0:00 
Kyle Palmieri            0  0  0   0  0   4  0  0  1  0  0/0     8:19   0:00   0:00 
Patrik Berglund          0  1  1  -2  0   2  0  1  0  1  3/14   19:52   3:54   4:47 
Sami Vatanen             0  0  0  -1  0   1  1  1  2  0  0/0    27:29   5:33   5:15 
Tanner Pearson           1  0  1  -2  0   2  1  0  0  0  1/2    15:22   4:26   0:00 

Players Stats for Blackhawks

Player Name              G  A  P  +/- PIM S  H  SB GA TA FO     MP     PP MP  PK MP  
------------------------------------------------------------------------------------
Antoine Roussel          1  2  3   2  0   2  1  1  0  0  0/0    18:16   3:55   3:17 
Brett Maclean            0  0  0   0  0   1  1  0  0  0  1/1    10:27   0:01   0:11 
Corey Perry              0  0  0   0  0   2  1  0  1  0  0/0    10:15   0:01   0:00 
Erik Haula               0  1  1   1  2   1  1  0  1  0  19/28  22:38   3:55   3:21 
Jakob Silfverberg        2  0  2   1  4   9  1  0  1  0  0/0    18:51   3:55   0:00 
James Wright             0  0  0  -1  0   0  1  2  0  0  1/3     7:45   0:01   1:18 
Jamie McBain             0  0  0   1  0   0  2  1  1  1  0/0    26:28   5:13   3:07 
Johnny Gaudreau          0  1  1   1  0   4  0  0  0  1  0/0    19:27   4:35   0:00 
Jordan Staal             1  1  2   2  0   1  0  2  1  0  13/20  19:37   4:35   3:36 
Mike Amadio              0  1  1   2  0   0  0  0  0  1  1/1    21:19   4:35   4:54 
Mike Reilly              0  0  0   1  0   1  0  1  0  0  0/0     9:49   0:00   0:00 
Myles Bell               0  0  0  -1  0   1  1  0  0  0  0/0     6:04   0:00   0:00 
Nick Bonino              0  0  0   0  0   3  0  0  1  0  2/2    10:00   0:00   0:07 
Petter Granberg          0  0  0   1  2   1  1  4  0  1  0/0    15:10   3:18   0:00 
PK Subban                0  1  1   1  0   2  4  1  1  1  0/0    27:07   5:13   3:07 
Radko Gudas              0  0  0   0  0   1  0  1  0  1  0/0    23:43   3:18   5:15 
Robert Hagg              0  0  0   0  0   0  1  0  0  1  0/0    18:01   0:00   5:15 
Stefan Matteau           0  0  0  -1  2   2  3  0  0  0  0/0     6:36   0:00   0:00 

3 Stars

1 - Antoine Roussel (Chi)
2 - Joe Cannata (Chi)
3 - Jordan Staal (Chi)

Power Play

Flames - 0 on 5 Attempt(s) - 0.00%
Blackhawks - 1 on 5 Attempt(s) - 20.00%

Penalty Kill

Flames - 4 on 5 Attempt(s) - 80.00% - Score 0 goal in Penalty Kill
Blackhawks - 5 on 5 Attempt(s) - 100.00% - Score 0 goal in Penalty Kill

Team Stat

Flames - Hits : 17 - Faceoff Wins : 18 - Blocked Shots : 6 - Penalty Minutes : 10
Blackhawks - Hits : 18 - Faceoff Wins : 37 - Blocked Shots : 13 - Penalty Minutes : 10

Official

Referees : Brandon Blandina and Conor O'Donnell
Linesman : Steve Barton and Jonny Murray

Game Notes

No Game Note

Finance

Level 1 -- Attendance: 6000 (100.00%) -- Ticket Income $600,000
Level 2 -- Attendance: 4875 (97.50%) -- Ticket Income $292,500
Level 3 -- Attendance: 1736 (86.80%) -- Ticket Income $60,760
Level 4 -- Attendance: 3935 (98.38%) -- Ticket Income $98,375
Luxury Box -- Attendance: 951 (95.10%) -- Ticket Income $190,200
Game was played at the United Center.
Total Attendance: 17497 (97.21%)
Total Ticket Income: $1,241,835
Other Income: $186,275
Total Income: $1,428,110

Flames

5 vs 5 Forward 
   Center                   Left Wing                Right Wing               Time % Phy DF OF 
 1 Eric Staal               Brad Marchand            Bryan Rust               40     1   2  2  
 2 Patrik Berglund          Tanner Pearson           Jimmy Hayes              30     1   2  2  
 3 Colin Wilson             Jake DeBrusk             Kevin Labanc             20     1   2  2  
 4 Anders Lee               David Ullstrom           Kyle Palmieri            10     1   2  2  

5 vs 5 Defense 
   Defense                  Defense                                           Time % Phy DF OF 
 1 Erik Johnson             Sami Vatanen                                      40     1   2  2  
 2 Esa Lindell              Christian Folin                                   30     1   2  2  
 3 Colby Robak              David Savard                                      20     1   2  2  
 4 Erik Johnson             Sami Vatanen                                      10     1   2  2  

PowerPlay Forward 
   Center                   Left Wing                Right Wing               Time % Phy DF OF 
 1 Eric Staal               Tanner Pearson           Jimmy Hayes              60     1   1  3  
 2 Patrik Berglund          Jake DeBrusk             Kevin Labanc             40     1   1  3  

PowerPlay Defense
   Defense                  Defense                                           Time % Phy DF OF 
 1 Erik Johnson             Sami Vatanen                                      60     1   1  3  
 2 Esa Lindell              Christian Folin                                   40     1   1  3  

Penalty Kill 4 Players Forward 
   Center                   Wing                     Time % Phy DF OF 
 1 Patrik Berglund          Brad Marchand            60     1   2  2  
 2 Eric Staal               Bryan Rust               40     1   2  2  

Penalty Kill 4 Players Defense
   Defense                  Defense                  Time % Phy DF OF 
 1 Erik Johnson             Sami Vatanen             60     1   2  2  
 2 Colby Robak              Christian Folin          40     1   2  2  

Penalty Kill - 3 Players Forward 
   Forward                                           Time % Phy DF OF 
 1 Eric Staal                                        60     1   2  2  
 2 Patrik Berglund                                   40     1   2  2  

Penalty Kill - 3 Players Defense
   Defense                  Defense                  Time % Phy DF OF 
 1 Erik Johnson             Sami Vatanen             60     1   2  2  
 2 Colby Robak              Christian Folin          40     1   2  2  

4 vs 4 Forward 
   Center                   Wing                     Time % Phy DF OF 
 1 Eric Staal               Bryan Rust               60     1   2  2  
 2 Patrik Berglund          Brad Marchand            40     1   2  2  

4 vs 4 Defense
   Defense                  Defense                  Time % Phy DF OF 
 1 Erik Johnson             Sami Vatanen             60     1   2  2  
 2 Esa Lindell              Christian Folin          40     1   2  2  

Last Minutes Offensive
   Center                   Left Wing                Right Wing               Defense                  Defense                  
   Eric Staal               Brad Marchand            Bryan Rust               Erik Johnson             Sami Vatanen             

Last Minutes Defensive
   Center                   Left Wing                Right Wing               Defense                  Defense                  
   Eric Staal               Brad Marchand            Bryan Rust               Erik Johnson             Sami Vatanen             

Goaltenders
Starting : Christopher Gibson       
Backup : Henrik Lundqvist         

Extra Forwards
Normal : Tanner Pearson, Jimmy Hayes, Patrik Berglund - PP : Jake DeBrusk, Anders Lee - PK : Bryan Rust
Extra Defensemen
Normal : Colby Robak, Esa Lindell, Christian Folin - PP : Esa Lindell - PK : Christian Folin, David Savard
Penalty Shots
Eric Staal, Tanner Pearson, Jimmy Hayes, Kyle Palmieri, Patrik Berglund
Custom OT Lines Forwards
Eric Staal, Tanner Pearson, Patrik Berglund, Jimmy Hayes, Bryan Rust, Brad Marchand, Colin Wilson, Jake DeBrusk, Kevin Labanc, Kyle Palmieri
Custom OT Lines Defensemen
Erik Johnson, Sami Vatanen, Christian Folin, Esa Lindell, Colby Robak

Scratches
Chris Brown (Healthy), Mathieu Brodeur (Healthy), Matthew Nieto (Healthy), Victor Rask (Healthy)

Blackhawks

5 vs 5 Forward 
   Center                   Left Wing                Right Wing               Time % Phy DF OF 
 1 Erik Haula               Johnny Gaudreau          Jakob Silfverberg        40     1   2  2  
 2 Jordan Staal             Antoine Roussel          Mike Amadio              30     1   2  2  
 3 Nick Bonino              Brett Maclean            Corey Perry              20     1   2  2  
 4 James Wright             Myles Bell               Stefan Matteau           10     1   2  2  

5 vs 5 Defense 
   Defense                  Defense                                           Time % Phy DF OF 
 1 PK Subban                Jamie McBain                                      40     1   2  2  
 2 Radko Gudas              Robert Hagg                                       30     1   2  2  
 3 Petter Granberg          Mike Reilly                                       20     1   2  2  
 4 PK Subban                Radko Gudas                                       10     1   2  2  

PowerPlay Forward 
   Center                   Left Wing                Right Wing               Time % Phy DF OF 
 1 Jordan Staal             Johnny Gaudreau          Mike Amadio              60     1   2  2  
 2 Erik Haula               Antoine Roussel          Jakob Silfverberg        40     1   2  2  

PowerPlay Defense
   Defense                  Defense                                           Time % Phy DF OF 
 1 PK Subban                Jamie McBain                                      60     1   2  2  
 2 Radko Gudas              Petter Granberg                                   40     1   2  2  

Penalty Kill 4 Players Forward 
   Center                   Wing                     Time % Phy DF OF 
 1 Erik Haula               Mike Amadio              60     1   2  2  
 2 Jordan Staal             Antoine Roussel          40     1   2  2  

Penalty Kill 4 Players Defense
   Defense                  Defense                  Time % Phy DF OF 
 1 Robert Hagg              Radko Gudas              60     1   2  2  
 2 PK Subban                Jamie McBain             40     1   2  2  

Penalty Kill - 3 Players Forward 
   Forward                                           Time % Phy DF OF 
 1 Erik Haula                                        60     1   2  2  
 2 Jordan Staal                                      40     1   2  2  

Penalty Kill - 3 Players Defense
   Defense                  Defense                  Time % Phy DF OF 
 1 Robert Hagg              Radko Gudas              60     1   2  2  
 2 PK Subban                Jamie McBain             40     1   2  2  

4 vs 4 Forward 
   Center                   Wing                     Time % Phy DF OF 
 1 Erik Haula               Johnny Gaudreau          60     1   2  2  
 2 Jordan Staal             Antoine Roussel          40     1   2  2  

4 vs 4 Defense
   Defense                  Defense                  Time % Phy DF OF 
 1 Jamie McBain             Radko Gudas              60     1   2  2  
 2 PK Subban                Robert Hagg              40     1   2  2  

Last Minutes Offensive
   Center                   Left Wing                Right Wing               Defense                  Defense                  
   Jordan Staal             Johnny Gaudreau          Jakob Silfverberg        PK Subban                Jamie McBain             

Last Minutes Defensive
   Center                   Left Wing                Right Wing               Defense                  Defense                  
   Erik Haula               Antoine Roussel          Mike Amadio              Robert Hagg              Radko Gudas              

Goaltenders
Starting : Joe Cannata              
Backup : James Reimer             

Extra Forwards
Normal : Jordan Staal, Corey Perry, Mike Amadio - PP : Jordan Staal, Corey Perry - PK : Jordan Staal
Extra Defensemen
Normal : PK Subban, Jamie McBain, Robert Hagg - PP : PK Subban - PK : Robert Hagg, Petter Granberg
Penalty Shots
Johnny Gaudreau, Jakob Silfverberg, Antoine Roussel, Erik Haula, Jordan Staal
Custom OT Lines Forwards
Johnny Gaudreau, Jakob Silfverberg, Antoine Roussel, Erik Haula, Jordan Staal, Corey Perry, Mike Amadio, Nick Bonino, Brett Maclean, James Wright
Custom OT Lines Defensemen
Jamie McBain, Radko Gudas, PK Subban, Mike Reilly, Petter Granberg

Scratches
Andrew Mangiapane (Fractured Bone in Left Hand Injury), Calvin de Haan (Left Forearm Injury)

% Time on Ice - Flames

Lines # - Real PCT - Wanted PCT - Time Play
Normal Forward
1 - 35% - 40% - 15:15
2 - 26% - 30% - 11:08
3 - 20% - 20% - 8:25
4 - 19% - 10% - 8:19
Normal Defense
1 - 37% - 40% - 15:52
2 - 37% - 30% - 16:10
3 - 24% - 20% - 10:16
4 - 2% - 10% - 0:49
PP Forward
1 - 53% - 60% - 4:28
2 - 47% - 40% - 3:54
PP Defense
1 - 66% - 60% - 5:33
2 - 34% - 40% - 2:49
PK Forward
1 - 73% - 60% - 6:15
2 - 27% - 40% - 2:16
PK Defense
1 - 62% - 60% - 5:15
2 - 38% - 40% - 3:16
PK3 Forward
1 - 0% - 60%
2 - 0% - 40%
PK3 Defense
1 - 0% - 60%
2 - 0% - 40%
44 Forward
1 - 0% - 60%
2 - 0% - 40%
44 Defense
1 - 0% - 60%
2 - 0% - 40%
Last Minute Offensive  - 0:00
Last Minute Defensive  - 0:00
Total
Forward - 60:00
Defense - 60:00

% Time on Ice - Blackhawks

Lines # - Real PCT - Wanted PCT - Time Play
Normal Forward
1 - 37% - 40% - 16:06
2 - 26% - 30% - 11:04
3 - 23% - 20% - 9:53
4 - 14% - 10% - 6:04
Normal Defense
1 - 40% - 40% - 17:26
2 - 35% - 30% - 15:13
3 - 23% - 20% - 9:49
4 - 2% - 10% - 0:39
PP Forward
1 - 54% - 60% - 4:36
2 - 46% - 40% - 3:55
PP Defense
1 - 61% - 60% - 5:13
2 - 39% - 40% - 3:18
PK Forward
1 - 80% - 60% - 6:40
2 - 20% - 40% - 1:42
PK Defense
1 - 63% - 60% - 5:15
2 - 37% - 40% - 3:07
PK3 Forward
1 - 0% - 60%
2 - 0% - 40%
PK3 Defense
1 - 0% - 60%
2 - 0% - 40%
44 Forward
1 - 0% - 60%
2 - 0% - 40%
44 Defense
1 - 0% - 60%
2 - 0% - 40%
Last Minute Offensive  - 0:00
Last Minute Defensive  - 0:00
Total
Forward - 60:00
Defense - 60:00

Play-by-Play

1st period


0:01 of 1st period - Erik Haula wins face-off versus Bryan Rust in neutral zone.
0:04 of 1st period - Wrist shot by Johnny Gaudreau.
0:04 of 1st period - Shot Blocked by Erik Johnson.
1:10 of 1st period - Wrist shot by David Ullstrom.
1:10 of 1st period - Shot Hit the Post.
1:26 of 1st period - Johnny Gaudreau is hit by Bryan Rust and loses puck.
2:09 of 1st period - Snap shot by Colin Wilson.
2:09 of 1st period - Shot Misses the Net.
2:11 of 1st period - Snap shot by Colin Wilson.
2:11 of 1st period - Shot Blocked by Petter Granberg.
2:13 of 1st period - Slapshot by Sami Vatanen.
2:13 of 1st period - Shot Blocked by Petter Granberg.
2:30 of 1st period - Off-side.
2:31 of 1st period - Erik Haula wins face-off versus Eric Staal in neutral zone.
3:22 of 1st period - Slapshot by Myles Bell.
3:22 of 1st period - Stopped by Christopher Gibson with a rebound.
3:42 of 1st period - Brett Maclean is hit by David Savard and loses puck.
4:15 of 1st period - Backhand shot by Johnny Gaudreau.
4:15 of 1st period - Shot Blocked by Erik Johnson.
4:52 of 1st period - Antoine Roussel is hit by Jake DeBrusk and loses puck.
5:18 of 1st period - Icing by Kyle Palmieri.
5:19 of 1st period - Anders Lee wins face-off versus Jordan Staal in Flames zone.
5:19 of 1st period - Anders Lee is hit by PK Subban.
5:53 of 1st period - Slapshot by Kyle Palmieri.
5:53 of 1st period - Deflect By David Ullstrom.
5:53 of 1st period - Stopped by Joe Cannata with a rebound.
5:55 of 1st period - Snap shot by Kyle Palmieri.
5:55 of 1st period - Stopped by Joe Cannata without a rebound.
5:56 of 1st period - Erik Haula wins face-off versus Eric Staal in Blackhawks zone.
6:23 of 1st period - Mike Amadio is hit by Erik Johnson and loses puck.
6:44 of 1st period - David Savard is hit by Brett Maclean and loses puck.
7:08 of 1st period - Snap shot by Stefan Matteau.
7:08 of 1st period - Stopped by Christopher Gibson without a rebound.
7:09 of 1st period - Jimmy Hayes wins face-off versus Erik Haula in Flames zone.
7:42 of 1st period - Wrist shot by Brad Marchand.
7:42 of 1st period - Shot Blocked by Jordan Staal.
8:42 of 1st period - Backhand shot by Colin Wilson.
8:42 of 1st period - Stopped by Joe Cannata without a rebound.
8:43 of 1st period - Nick Bonino wins face-off versus Jake DeBrusk in Blackhawks zone.
8:43 of 1st period - Nick Bonino is hit by Colin Wilson.
8:58 of 1st period - Slapshot by Colin Wilson.
8:58 of 1st period - Shot Misses the Net.
9:12 of 1st period - Snap shot by Jake DeBrusk.
9:12 of 1st period - Stopped by Joe Cannata without a rebound.
9:13 of 1st period - Erik Haula wins face-off versus Eric Staal in Blackhawks zone.
9:18 of 1st period - Brad Marchand is hit by PK Subban and loses puck.
9:29 of 1st period - Snap shot by Johnny Gaudreau.
9:29 of 1st period - Stopped by Christopher Gibson with a rebound.
9:36 of 1st period - Minor Penalty to Erik Haula for Tripping.
9:37 of 1st period - Jordan Staal wins face-off versus Eric Staal in Blackhawks zone.
9:46 of 1st period - Slapshot by Jordan Staal.
9:46 of 1st period - Shot Misses the Net.
10:26 of 1st period - Jamie McBain is hit by Jimmy Hayes and loses puck.
10:46 of 1st period - PK Subban is hit by Esa Lindell and loses puck.
11:36 of 1st period - Penalty to Erik Haula is over, Erik Haula is back on ice.
13:24 of 1st period - Eric Staal is hit by Erik Haula and loses puck.
13:43 of 1st period - Wrist shot by Nick Bonino.
13:43 of 1st period - Deflect By Corey Perry.
13:43 of 1st period - Stopped by Christopher Gibson with a rebound.
13:45 of 1st period - Wrist shot by Nick Bonino.
13:45 of 1st period - Shot Misses the Net.
14:05 of 1st period - Wrist shot by Johnny Gaudreau.
14:05 of 1st period - Shot Misses the Net.
14:07 of 1st period - Snap shot by Jakob Silfverberg.
14:07 of 1st period - Stopped by Christopher Gibson with a rebound.
14:31 of 1st period - Bryan Rust is hit by Stefan Matteau and loses puck.
15:48 of 1st period - Erik Haula is hit by Jimmy Hayes and loses puck.
16:30 of 1st period - Slapshot by Brad Marchand.
16:30 of 1st period - Stopped by Joe Cannata with a rebound.
16:32 of 1st period - Wrist shot by Eric Staal.
16:32 of 1st period - Shot Blocked by Petter Granberg.
16:34 of 1st period - Snap shot by Bryan Rust.
16:34 of 1st period - Stopped by Joe Cannata with a rebound.
16:36 of 1st period - Wrist shot by Colby Robak.
16:36 of 1st period - Shot Blocked by James Wright.
16:38 of 1st period - Slapshot by David Savard.
16:38 of 1st period - Shot Blocked by Petter Granberg.
17:23 of 1st period - Snap shot by Jimmy Hayes.
17:23 of 1st period - Stopped by Joe Cannata without a rebound.
17:24 of 1st period - Erik Haula wins face-off versus Jimmy Hayes in Blackhawks zone.
17:35 of 1st period - Snap shot by Erik Haula.
17:35 of 1st period - Shot Misses the Net.
17:37 of 1st period - Slapshot by PK Subban.
17:37 of 1st period - Shot Blocked by Patrik Berglund.
17:39 of 1st period - Wrist shot by Jakob Silfverberg.
17:39 of 1st period - Stopped by Christopher Gibson with a rebound.
17:41 of 1st period - Snap shot by Jakob Silfverberg.
17:41 of 1st period - Goal by Jakob Silfverberg - Flames : 0 - Blackhawks : 1.
17:42 of 1st period - Erik Haula wins face-off versus Tanner Pearson in neutral zone.
17:47 of 1st period - Wrist shot by Johnny Gaudreau.
17:47 of 1st period - Shot Misses the Net.
17:49 of 1st period - Slapshot by PK Subban.
17:49 of 1st period - Stopped by Christopher Gibson with a rebound.
18:23 of 1st period - Backhand shot by Erik Johnson.
18:23 of 1st period - Shot Blocked by Antoine Roussel.
18:25 of 1st period - Slapshot by Erik Johnson.
18:25 of 1st period - Deflect By Kevin Labanc.
18:25 of 1st period - Stopped by Joe Cannata with a rebound.
18:54 of 1st period - Minor Penalty to Christian Folin for Roughing.
18:55 of 1st period - Jordan Staal wins face-off versus Patrik Berglund in Flames zone.
19:02 of 1st period - Snap shot by Johnny Gaudreau.
19:02 of 1st period - Shot Misses the Net.
19:12 of 1st period - PK Subban is hit by Brad Marchand and loses puck.
19:29 of 1st period - Wrist shot by Jakob Silfverberg.
19:29 of 1st period - Goal by Jakob Silfverberg - Flames : 0 - Blackhawks : 2.
19:30 of 1st period - Erik Haula wins face-off versus Eric Staal in neutral zone.
19:45 of 1st period - Snap shot by Johnny Gaudreau.
19:45 of 1st period - Stopped by Christopher Gibson with a rebound.
19:47 of 1st period - Snap shot by Jakob Silfverberg.
19:47 of 1st period - Stopped by Christopher Gibson with a rebound.
19:57 of 1st period - Jamie McBain is hit by Tanner Pearson.
Goals for this period are 0 for Flames vs 2 for Blackhawks.
Shots for this period are 8 for Flames vs 11 for Blackhawks.

2nd period


0:01 of 2nd period - Erik Haula wins face-off versus Eric Staal in neutral zone.
0:09 of 2nd period - Minor Penalty to Eric Staal for Holding.
0:10 of 2nd period - Jordan Staal wins face-off versus Patrik Berglund in Flames zone.
0:10 of 2nd period - Snap shot by Johnny Gaudreau.
0:10 of 2nd period - Stopped by Christopher Gibson without a rebound.
0:11 of 2nd period - Jordan Staal wins face-off versus Patrik Berglund in Flames zone.
0:47 of 2nd period - Off-side.
0:48 of 2nd period - Erik Haula wins face-off versus Anders Lee in neutral zone.
1:03 of 2nd period - Snap shot by Jakob Silfverberg.
1:03 of 2nd period - Shot Misses the Net.
2:09 of 2nd period - Penalty to Eric Staal is over, Eric Staal is back on ice.
2:45 of 2nd period - Wrist shot by Tanner Pearson.
2:45 of 2nd period - Shot Misses the Net.
2:47 of 2nd period - Snap shot by Tanner Pearson.
2:47 of 2nd period - Stopped by Joe Cannata with a rebound.
2:54 of 2nd period - Icing by Radko Gudas.
2:55 of 2nd period - James Wright wins face-off versus Eric Staal in Blackhawks zone.
3:26 of 2nd period - Wrist shot by Colin Wilson.
3:26 of 2nd period - Shot Hit the Post.
3:42 of 2nd period - Snap shot by Nick Bonino.
3:42 of 2nd period - Stopped by Christopher Gibson with a rebound.
3:44 of 2nd period - Slapshot by Jamie McBain.
3:44 of 2nd period - Deflect By Nick Bonino.
3:44 of 2nd period - Shot Misses the Net.
3:44 of 2nd period - Puck is out of play.
3:45 of 2nd period - Jordan Staal wins face-off versus Anders Lee in Flames zone.
4:10 of 2nd period - Wrist shot by Kyle Palmieri.
4:10 of 2nd period - Stopped by Joe Cannata without a rebound.
4:11 of 2nd period - Erik Haula wins face-off versus Eric Staal in Blackhawks zone.
4:52 of 2nd period - Snap shot by Nick Bonino.
4:52 of 2nd period - Stopped by Christopher Gibson without a rebound.
4:53 of 2nd period - Jordan Staal wins face-off versus Eric Staal in Flames zone.
4:56 of 2nd period - Snap shot by Mike Amadio.
4:56 of 2nd period - Shot Blocked by Brad Marchand.
5:54 of 2nd period - Snap shot by Stefan Matteau.
5:54 of 2nd period - Stopped by Christopher Gibson with a rebound.
6:14 of 2nd period - Slapshot by Esa Lindell.
6:14 of 2nd period - Shot Blocked by Mike Reilly.
6:30 of 2nd period - Snap shot by Eric Staal.
6:30 of 2nd period - Stopped by Joe Cannata with a rebound.
6:32 of 2nd period - Slapshot by Brad Marchand.
6:32 of 2nd period - Shot Misses the Net.
6:34 of 2nd period - Slapshot by Christian Folin.
6:34 of 2nd period - Stopped by Joe Cannata with a rebound.
6:54 of 2nd period - Slapshot by Jimmy Hayes.
6:54 of 2nd period - Shot Misses the Net.
7:04 of 2nd period - Kevin Labanc is hit by Stefan Matteau and loses puck.
7:29 of 2nd period - Snap shot by Corey Perry.
7:29 of 2nd period - Stopped by Christopher Gibson with a rebound.
7:31 of 2nd period - Wrist shot by Brett Maclean.
7:31 of 2nd period - Stopped by Christopher Gibson with a rebound.
8:10 of 2nd period - Minor Penalty to Jakob Silfverberg for Holding.
8:11 of 2nd period - Erik Haula wins face-off versus Eric Staal in Blackhawks zone.
8:15 of 2nd period - Snap shot by PK Subban.
8:15 of 2nd period - Stopped by Christopher Gibson without a rebound.
8:16 of 2nd period - Eric Staal wins face-off versus Erik Haula in Flames zone.
8:33 of 2nd period - Off-side.
8:34 of 2nd period - Erik Haula wins face-off versus Patrik Berglund in neutral zone.
9:07 of 2nd period - Radko Gudas is hit by Sami Vatanen and loses puck.
10:02 of 2nd period - Erik Johnson is hit by Robert Hagg and loses puck.
10:10 of 2nd period - Penalty to Jakob Silfverberg is over, Jakob Silfverberg is back on ice.
10:42 of 2nd period - Wrist shot by Bryan Rust.
10:42 of 2nd period - Stopped by Joe Cannata with a rebound.
10:48 of 2nd period - Minor Penalty to Stefan Matteau for Interference.
10:49 of 2nd period - Erik Haula wins face-off versus Eric Staal in Blackhawks zone.
11:16 of 2nd period - Radko Gudas is hit by Jake DeBrusk and loses puck.
12:48 of 2nd period - Penalty to Stefan Matteau is over, Stefan Matteau is back on ice.
13:12 of 2nd period - Snap shot by Kyle Palmieri.
13:12 of 2nd period - Stopped by Joe Cannata with a rebound.
13:14 of 2nd period - Wrist shot by David Savard.
13:14 of 2nd period - Stopped by Joe Cannata with a rebound.
14:18 of 2nd period - Sami Vatanen is hit by Stefan Matteau and loses puck.
14:52 of 2nd period - Tanner Pearson is hit by Myles Bell.
15:18 of 2nd period - David Savard is hit by Petter Granberg and loses puck.
16:04 of 2nd period - Off-side.
16:05 of 2nd period - Brett Maclean wins face-off versus Patrik Berglund in neutral zone.
16:51 of 2nd period - Icing by Eric Staal.
16:52 of 2nd period - Erik Haula wins face-off versus Eric Staal in Flames zone.
17:17 of 2nd period - Slapshot by Jimmy Hayes.
17:17 of 2nd period - Stopped by Joe Cannata with a rebound.
17:19 of 2nd period - Wrist shot by Jimmy Hayes.
17:19 of 2nd period - Shot Misses the Net.
17:21 of 2nd period - Wrist shot by Patrik Berglund.
17:21 of 2nd period - Stopped by Joe Cannata without a rebound.
17:22 of 2nd period - Tanner Pearson wins face-off versus Jordan Staal in Blackhawks zone.
17:25 of 2nd period - Wrist shot by Tanner Pearson.
17:25 of 2nd period - Shot Misses the Net.
17:40 of 2nd period - Minor Penalty to Jimmy Hayes for Tripping.
17:41 of 2nd period - Jordan Staal wins face-off versus Patrik Berglund in Flames zone.
19:27 of 2nd period - Petter Granberg is hit by Christian Folin and loses puck.
19:40 of 2nd period - Penalty to Jimmy Hayes is over, Jimmy Hayes is back on ice.
19:44 of 2nd period - Wrist shot by Patrik Berglund.
19:44 of 2nd period - Stopped by Joe Cannata with a rebound.
Goals for this period are 0 for Flames vs 0 for Blackhawks.
Shots for this period are 10 for Flames vs 7 for Blackhawks.

3rd period


0:01 of 3rd period - Eric Staal wins face-off versus Erik Haula in neutral zone.
0:03 of 3rd period - Minor Penalty to Eric Staal for Cross-checking.
0:04 of 3rd period - Patrik Berglund wins face-off versus Jordan Staal in Flames zone.
0:04 of 3rd period - Patrik Berglund is hit by Jamie McBain.
0:31 of 3rd period - Sami Vatanen is hit by Jakob Silfverberg and loses puck.
0:36 of 3rd period - Snap shot by Jakob Silfverberg.
0:36 of 3rd period - Stopped by Christopher Gibson with a rebound.
0:38 of 3rd period - Slapshot by Petter Granberg.
0:38 of 3rd period - Stopped by Christopher Gibson with a rebound.
0:40 of 3rd period - Slapshot by Radko Gudas.
0:40 of 3rd period - Stopped by Christopher Gibson with a rebound.
0:42 of 3rd period - Slapshot by Jakob Silfverberg.
0:42 of 3rd period - Deflect By Brad Marchand.
0:42 of 3rd period - Stopped by Christopher Gibson with a rebound.
0:54 of 3rd period - Snap shot by Bryan Rust.
0:54 of 3rd period - Stopped by Joe Cannata with a rebound.
1:36 of 3rd period - Anders Lee is hit by PK Subban and loses puck.
2:03 of 3rd period - Penalty to Eric Staal is over, Eric Staal is back on ice.
2:05 of 3rd period - Erik Johnson is hit by Corey Perry.
2:21 of 3rd period - Snap shot by Erik Johnson.
2:21 of 3rd period - Stopped by Joe Cannata with a rebound.
2:23 of 3rd period - Snap shot by Bryan Rust.
2:23 of 3rd period - Deflect By Colin Wilson.
2:23 of 3rd period - Shot Misses the Net.
2:23 of 3rd period - Puck is out of play.
2:24 of 3rd period - Colin Wilson wins face-off versus James Wright in Blackhawks zone.
2:57 of 3rd period - Minor Penalty to Christian Folin for Tripping.
2:58 of 3rd period - Jordan Staal wins face-off versus Patrik Berglund in Flames zone.
3:32 of 3rd period - Wrist shot by Eric Staal.
3:32 of 3rd period - Stopped by Joe Cannata with a rebound.
4:12 of 3rd period - Jordan Staal is hit by Eric Staal and loses puck.
4:57 of 3rd period - Penalty to Christian Folin is over, Christian Folin is back on ice.
5:12 of 3rd period - Erik Johnson is hit by PK Subban and loses puck.
5:25 of 3rd period - Slapshot by Sami Vatanen.
5:25 of 3rd period - Deflect By Stefan Matteau.
5:25 of 3rd period - Stopped by Joe Cannata without a rebound.
5:26 of 3rd period - Colin Wilson wins face-off versus James Wright in Blackhawks zone.
5:29 of 3rd period - Snap shot by Jake DeBrusk.
5:29 of 3rd period - Shot Blocked by James Wright.
5:37 of 3rd period - Snap shot by Kevin Labanc.
5:37 of 3rd period - Stopped by Joe Cannata without a rebound.
5:38 of 3rd period - Colin Wilson wins face-off versus Erik Haula in Blackhawks zone.
6:13 of 3rd period - Wrist shot by Antoine Roussel.
6:13 of 3rd period - Stopped by Christopher Gibson without a rebound.
6:14 of 3rd period - Brad Marchand wins face-off versus Jordan Staal in Flames zone.
6:14 of 3rd period - Brad Marchand is hit by Antoine Roussel.
7:24 of 3rd period - Snap shot by Johnny Gaudreau.
7:24 of 3rd period - Shot Blocked by Sami Vatanen.
7:26 of 3rd period - Wrist shot by Johnny Gaudreau.
7:26 of 3rd period - Shot Misses the Net.
7:31 of 3rd period - Wrist shot by Jamie McBain.
7:31 of 3rd period - Shot Misses the Net.
7:35 of 3rd period - Wrist shot by Johnny Gaudreau.
7:35 of 3rd period - Stopped by Christopher Gibson without a rebound.
7:36 of 3rd period - Jordan Staal wins face-off versus Patrik Berglund in Flames zone.
7:49 of 3rd period - Snap shot by Jordan Staal.
7:49 of 3rd period - Shot Misses the Net.
7:51 of 3rd period - Snap shot by Antoine Roussel.
7:51 of 3rd period - Goal by Antoine Roussel - Flames : 0 - Blackhawks : 3.
7:52 of 3rd period - Erik Haula wins face-off versus Eric Staal in neutral zone.
8:58 of 3rd period - Icing by Anders Lee.
8:59 of 3rd period - Anders Lee wins face-off versus Erik Haula in Flames zone.
9:05 of 3rd period - Off-side.
9:06 of 3rd period - Erik Haula wins face-off versus Eric Staal in neutral zone.
9:11 of 3rd period - Snap shot by Eric Staal.
9:11 of 3rd period - Shot Misses the Net.
9:19 of 3rd period - Slapshot by Erik Johnson.
9:19 of 3rd period - Shot Blocked by Jamie McBain.
9:21 of 3rd period - Snap shot by Bryan Rust.
9:21 of 3rd period - Deflect By Jakob Silfverberg.
9:21 of 3rd period - Shot Blocked by PK Subban.
9:21 of 3rd period - Puck is out of play.
9:22 of 3rd period - Jordan Staal wins face-off versus Patrik Berglund in Blackhawks zone.
9:33 of 3rd period - Slapshot by Jordan Staal.
9:33 of 3rd period - Goal by Jordan Staal - Flames : 0 - Blackhawks : 4.
9:34 of 3rd period - Erik Haula wins face-off versus Brad Marchand in neutral zone.
10:14 of 3rd period - Snap shot by Jakob Silfverberg.
10:14 of 3rd period - Deflect By Erik Johnson.
10:14 of 3rd period - Stopped by Christopher Gibson with a rebound.
10:23 of 3rd period - Off-side.
10:24 of 3rd period - Patrik Berglund wins face-off versus Jordan Staal in neutral zone.
10:51 of 3rd period - Jimmy Hayes is hit by Jamie McBain and loses puck.
11:06 of 3rd period - Snap shot by Jimmy Hayes.
11:06 of 3rd period - Stopped by Joe Cannata with a rebound.
11:16 of 3rd period - Wrist shot by Tanner Pearson.
11:16 of 3rd period - Goal by Tanner Pearson - Flames : 1 - Blackhawks : 4.
11:17 of 3rd period - Eric Staal wins face-off versus Erik Haula in neutral zone.
11:32 of 3rd period - Backhand shot by Jakob Silfverberg.
11:32 of 3rd period - Stopped by Christopher Gibson with a rebound.
11:34 of 3rd period - Slapshot by Mike Reilly.
11:34 of 3rd period - Deflect By Brad Marchand.
11:34 of 3rd period - Stopped by Christopher Gibson without a rebound.
11:35 of 3rd period - Jordan Staal wins face-off versus Patrik Berglund in Flames zone.
11:40 of 3rd period - Snap shot by Antoine Roussel.
11:40 of 3rd period - Shot Blocked by Jimmy Hayes.
11:46 of 3rd period - PK Subban is hit by Jimmy Hayes and loses puck.
12:06 of 3rd period - Slapshot by Esa Lindell.
12:06 of 3rd period - Deflect By Bryan Rust.
12:06 of 3rd period - Stopped by Joe Cannata without a rebound.
12:07 of 3rd period - Eric Staal wins face-off versus Erik Haula in Blackhawks zone.
12:12 of 3rd period - Snap shot by Bryan Rust.
12:12 of 3rd period - Shot Misses the Net.
13:14 of 3rd period - Snap shot by Eric Staal.
13:14 of 3rd period - Deflect By Brad Marchand.
13:14 of 3rd period - Stopped by Joe Cannata with a rebound.
13:26 of 3rd period - Wrist shot by Erik Haula.
13:26 of 3rd period - Stopped by Christopher Gibson with a rebound.
13:48 of 3rd period - Snap shot by Johnny Gaudreau.
13:48 of 3rd period - Shot Misses the Net.
13:50 of 3rd period - Slapshot by Erik Haula.
13:50 of 3rd period - Shot Misses the Net.
14:02 of 3rd period - Erik Haula is hit by Bryan Rust and loses puck.
14:28 of 3rd period - Icing by Christian Folin.
14:29 of 3rd period - Eric Staal wins face-off versus Jordan Staal in Flames zone.
15:01 of 3rd period - Backhand shot by Jimmy Hayes.
15:01 of 3rd period - Deflect By Brett Maclean.
15:01 of 3rd period - Stopped by Joe Cannata with a rebound.
15:03 of 3rd period - Slapshot by Jimmy Hayes.
15:03 of 3rd period - Shot Misses the Net.
15:05 of 3rd period - Snap shot by Tanner Pearson.
15:05 of 3rd period - Shot Hit the Post.
15:15 of 3rd period - Snap shot by David Ullstrom.
15:15 of 3rd period - Stopped by Joe Cannata without a rebound.
15:16 of 3rd period - Jordan Staal wins face-off versus Anders Lee in Blackhawks zone.
15:51 of 3rd period - Tanner Pearson is hit by James Wright and loses puck.
16:04 of 3rd period - Minor Penalty to Petter Granberg for Roughing.
16:05 of 3rd period - Jordan Staal wins face-off versus Patrik Berglund in Blackhawks zone.
16:14 of 3rd period - Slapshot by Sami Vatanen.
16:14 of 3rd period - Deflect By Kevin Labanc.
16:14 of 3rd period - Shot Misses the Net.
16:14 of 3rd period - Puck is out of play.
16:15 of 3rd period - Patrik Berglund wins face-off versus Jordan Staal in Blackhawks zone.
16:39 of 3rd period - Off-side.
16:40 of 3rd period - Eric Staal wins face-off versus Erik Haula in neutral zone.
17:13 of 3rd period - Slapshot by Erik Johnson.
17:13 of 3rd period - Shot Blocked by Jordan Staal.
18:04 of 3rd period - Penalty to Petter Granberg is over, Petter Granberg is back on ice.
18:12 of 3rd period - Icing by Erik Haula.
18:13 of 3rd period - Anders Lee wins face-off versus Erik Haula in Blackhawks zone.
18:18 of 3rd period - Wrist shot by David Ullstrom.
18:18 of 3rd period - Stopped by Joe Cannata with a rebound.
18:20 of 3rd period - Wrist shot by David Ullstrom.
18:20 of 3rd period - Shot Blocked by Radko Gudas.
18:22 of 3rd period - Backhand shot by Colby Robak.
18:22 of 3rd period - Stopped by Joe Cannata without a rebound.
18:23 of 3rd period - Nick Bonino wins face-off versus Anders Lee in Blackhawks zone.
18:30 of 3rd period - Snap shot by Nick Bonino.
18:30 of 3rd period - Stopped by Christopher Gibson with a rebound.
18:40 of 3rd period - Icing by Colby Robak.
18:41 of 3rd period - Mike Amadio wins face-off versus David Ullstrom in Flames zone.
19:19 of 3rd period - Snap shot by Kyle Palmieri.
19:19 of 3rd period - Stopped by Joe Cannata with a rebound.
19:21 of 3rd period - Snap shot by David Savard.
19:21 of 3rd period - Stopped by Joe Cannata with a rebound.
19:25 of 3rd period - Snap shot by David Ullstrom.
19:25 of 3rd period - Stopped by Joe Cannata with a rebound.
19:27 of 3rd period - Snap shot by Kyle Palmieri.
19:27 of 3rd period - Shot Misses the Net.
19:29 of 3rd period - Snap shot by Colby Robak.
19:29 of 3rd period - Stopped by Joe Cannata without a rebound.
19:30 of 3rd period - Erik Haula wins face-off versus Eric Staal in Blackhawks zone.
19:30 of 3rd period - Erik Haula is hit by Brad Marchand.
19:33 of 3rd period - Minor Penalty to Jakob Silfverberg for Hooking.
19:34 of 3rd period - Erik Haula wins face-off versus Eric Staal in Blackhawks zone.
Goals for this period are 1 for Flames vs 2 for Blackhawks.
Shots for this period are 17 for Flames vs 13 for Blackhawks.